 Dungeon Crawl Stone Soup version 0.18.1-50-g88ac8fd (webtiles) character file.

512246 SwiftlyTiltingPlanet the Skullcrusher (level 25, -11/291 (292) HPs)
             Began as an Ogre Berserker on Oct 20, 2016.
             Was a High Priest of Trog.
             Mangled by an azure jelly (13 damage)
             ... created by the Royal Jelly
             ... on level 5 of the Pits of Slime on Oct 21, 2016.
             The game lasted 03:16:50 (71595 turns).

SwiftlyTiltingPlanet the Skullcrusher (OgBe)       Turns: 71595, Time: 03:16:51

HP:   -11/291 (292) AC:  9    Str: 41    XL:     25   Next: 11%
MP:   0/23          EV: 16    Int:  6    God:    Trog [*****.]
Gold: 4371          SH:  5    Dex: 18    Spells: 0 memorised, 24 levels left

rFire  + . .     SeeInvis .     T - +7 giant club of Evaijioxt {flame, rC+}
rCold  + + .     Gourm    .     i - +1 gold dragon armour
rNeg   . . .     Faith    .     (shield currently unavailable)
rPois  +         Spirit   +     N - +2 hat {Spirit}
rElec  .         Dismiss  .     b - +0 cloak (curse)
rCorr  .         Reflect  +     (gloves unavailable)
SustAt .         Harm     .     (boots unavailable)
MR     ++++.                    n - amulet "Oru Rydo" {Reflect rPois Str+4 Dex+3 SH+5}
Stlth  ..........               G - +3 ring of dexterity
                                w - +3 ring of dexterity

@: corroded, regenerating, incredibly resistant to hostile enchantments,
extremely unstealthy
A: unfitting armour, tough skin 1
a: Berserk, Trog's Hand, Brothers in Arms, Burn Spellbooks, Renounce Religion
}: 3/15 runes: decaying, silver, gossamer


You were on level 5 of the Pits of Slime.
You worshipped Trog.
Trog was extremely pleased with you.
You were not hungry.

You visited 8 branches of the dungeon, and saw 47 of its levels.
You also visited: Ice Cave and Volcano.

You collected 6365 gold pieces.
You spent 1994 gold pieces at shops.

Inventory:

Hand Weapons
 t - the +6 giant spiked club "Viohid" {crush, rElec rPois Int+7 SInv}
   (Trog gifted it to you on level 4 of the Vaults)

   It inflicts extra damage upon your enemies.
   It affects your intelligence (+7).
   It insulates you from electricity.
   It protects you from poison.
   It lets you see invisible.
 T - the +7 giant club of Evaijioxt (weapon) {flame, rC+}
   (Trog gifted it to you on level 4 of the Vaults)

   It has been specially enchanted to burn those struck by it, causing extra
   injury to most foes and up to half again as much damage against particularly
   susceptible opponents.
   It protects you from cold.
 X - the +9 giant club of a sewer {holy, rF+ Dex+5}
   (Trog gifted it to you on level 2 of the Elven Halls)

   It has been blessed by the Shining One to cause great damage to the undead
   and demons.
   It affects your dexterity (+5).
   It protects you from fire.
Missiles
 e - 7 throwing nets
 r - 14 silver javelins
 x - 8 javelins
 z - 19 javelins of returning
 F - 2 javelins of penetration
 H - 103 large rocks (quivered)
Armour
 b - a cursed +0 cloak (worn)
 i - a +1 gold dragon armour (worn)
 N - a +2 hat of spirit shield (worn)
Jewellery
 d - the ring "Laimo" {*Tele rF- rC++ Str+3 Slay+2}
   (You took it off a deep elf high priest on level 5 of the Vaults)

   [ring of teleportation]

   It may teleport you next to monsters.
   It affects your strength (+3).
   It affects your accuracy and damage with ranged weapons and melee attacks
   (+2).
   It makes you vulnerable to fire.
   It greatly protects you from cold.
 n - the amulet "Oru Rydo" (around neck) {Reflect rPois Str+4 Dex+3 SH+5}
   (You took it off a deep elf mage on level 3 of the Elven Halls)

   [amulet of reflection]

   It shields you and reflects attacks.
   It affects your strength (+4).
   It affects your dexterity (+3).
   It protects you from poison.
   It affects your SH (+5).
 s - an uncursed ring of see invisible
 w - a +3 ring of dexterity (left hand)
 G - a +3 ring of dexterity (right hand)
Wands
 q - a wand of heal wounds (4/9)
 v - a wand of disintegration (8/24)
 C - a wand of digging (12/24)
 E - a wand of teleportation (3/9)
 J - a wand of disintegration (12/24)
 K - a wand of hasting (0/9)
 S - a wand of digging (13/24)
 Y - a wand of digging (19/24)
Scrolls
 c - 2 scrolls of silence
 f - 8 scrolls of identify
 o - 5 scrolls of blinking
 p - 31 scrolls of remove curse
 y - 7 scrolls of fog
 B - 7 scrolls of teleportation
 D - a scroll of enchant armour
 I - 5 scrolls of magic mapping
 M - a scroll of fear
Potions
 g - 9 potions of might
 h - 8 potions of magic
 k - 3 potions of ambrosia
 l - 3 potions of cancellation
 m - a potion of agility
 u - 10 potions of curing
 A - a potion of invisibility
 P - 7 potions of flight
 Q - 6 potions of haste
 R - 7 potions of brilliance
 V - 2 potions of resistance
 Z - a potion of heal wounds
Comestibles
 j - 23 fruits


   Skills:
 + Level 24.6 Fighting
 O Level 27 Maces & Flails
 + Level 18.5 Throwing
 + Level 14.9 Armour
 + Level 16.3 Dodging


You had 24 spell levels left.
You didn't know any spells.

Dungeon Overview and Level Annotations

Branches:
Dungeon (15/15)            Temple (0/1) D:4            Lair (8/8) D:8
  Swamp (4/4) Lair:3       Spider (4/4) Lair:5        Slime (6/6) Lair:8
    Orc (2/2) D:9             Elf (3/3) Orc:2        Vaults (5/5) D:13
  Crypt (0/3) Vaults:3     Depths (0/5) D:15

Altars:
Fedhas
Kikubaaqudgha
Nemelex Xobeh
Okawaru
Pakellas
Qazlal
Sif Muna
Vehumet
Xom
The Shining One
Beogh

Shops:
D:4 }   D:5 *   Orc:1 (   Orc:2 %([[   Elf:1 =   Elf:2 *   Vaults:3 *

Portals:
Trove: D:12 (give 8 potions of haste)

Annotations:
Slime:6 Royal Jelly


Innate Abilities, Weirdness & Mutations

You are too large for most types of armour.
You have tough skin (AC +1).


Message History

* * * LOW HITPOINT WARNING * * *
The azure jelly hits you but does no damage.
The acid blob hits you!!
* * * LOW HITPOINT WARNING * * *
You are splashed with acid!
The acid burns!
* * * LOW HITPOINT WARNING * * *
You block the death ooze's attack. The death ooze hits you!!
* * * LOW HITPOINT WARNING * * *
The acid blob barely misses you. The azure jelly hits you.
* * * LOW HITPOINT WARNING * * *
The azure jelly freezes you! You resist.
* * * LOW HITPOINT WARNING * * *
The azure jelly completely misses you. The azure jelly hits you.
* * * LOW HITPOINT WARNING * * *
The azure jelly hits you!
* * * LOW HITPOINT WARNING * * *
The azure jelly hits you.
* * * LOW HITPOINT WARNING * * *
The azure jelly freezes you! You resist.
You die...

####### ##
##.#.#.##.####
##..........#..##
......#.........#
#...........#...#
...........##..#
......JJ.......#
<.....J@J......##
........J.......#
.#..............#
....#...........#
##...#.........##
##.#........#.#
#.............#
......#...##.##
##.##...#.## ##


You could see 2 acid blobs, 2 azure jellies and a death ooze.

Vanquished Creatures
  Dissolution (Slime:4)
  Mara (Spider:3)
  Nikola (Elf:3)
  3 golden dragons
  5 tentacled monstrosities (Vaults:5)
  An Ice Fiend (IceCv)
  The ghost of seyes the Carver, an adept DsAs of Okawaru (Elf:2)
  Rupert (D:15)
  3 titans (Vaults:5)
  A deep elf master archer (Elf:3)
  A quicksilver dragon (Vaults:4)
  10 acid blobs
  4 sphinxes
  Kirke (Lair:8)
  5 thorn hunters
  5 shadow dragons
  4 storm dragons (Vaults:5)
  4 tengu reavers (Vaults:5)
  A revenant (Vaults:3)
  4 frost giants
  2 orc warlords (Vaults:1)
  A fire giant (shapeshifter) (Vaults:5)
  4 fire giants
  5 azure jellies
  14 vault wardens
  6 deep elf sorcerers
  An iron dragon (shapeshifter) (Vaults:5)
  9 emperor scorpions
  An iron dragon (Vaults:5)
  5 ghost moths
  A ghoul (Vaults:4)
  11 ironheart preservers
  An emperor scorpion (shapeshifter) (Vaults:4)
  5 deep elf elementalists
  A very ugly thing (Vaults:4)
  12 stone giants
  2 salamander stormcallers
  3 war gargoyles
  2 deep elf demonologists (Elf:3)
  A spark wasp (Spider:2)
  9 deep elf annihilators
  4 death oozes
  An eidolon (Vaults:3)
  35 vault guards
  4 ettins
  3 deep elf death magi
  A fire dragon (Vaults:1)
  Josephine (D:15)
  6 great orbs of eyes
  5 deep elf high priests
  14 yaktaur captains
  23 hydras
  2 entropy weavers
  2 ice dragons (Vaults:4)
  Harold (Lair:3)
  16 ogre magi
  8 centaur warriors
  5 death knights
  8 alligators
  3 ghost crabs
  A queen ant (Lair:1)
  2 deep troll shamans
  3 tengu warriors
  36 dancing weapons
  18 death yaks
  A satyr (shapeshifter) (Vaults:5)
  The ghost of urga the Grappler, a novice DrMo of Okawaru (D:10)
  3 deep troll earth magi
  3 vampire magi
  2 storm dragon zombies
  Urug (Volcano)
  24 deep elf knights
  A fire crab (Vaults:1)
  2 small abominations
  3 skeletal warriors (Vaults:2)
  4 shadow wraiths
  Nergalle (D:11)
  A hell knight (Vaults:1)
  A giant orange brain (shapeshifter) (Vaults:5)
  2 unseen horrors
  18 deep elf archers
  2 shambling mangroves
  4 spriggan druids
  10 swamp dragons
  16 ironbrand convokers
  A wizard (Vaults:3)
  2 flayed ghosts
  3 giant orange brains
  17 deep trolls
  An anubis guard (shapeshifter) (Elf:3)
  14 harpies
  8 hill giants
  5 phantasmal warriors
  76 deep elf magi
  16 orb spiders
  11 orc knights
  2 orc sorcerers
  Pikel (D:7)
  A manticore (D:15)
  A fire giant zombie (Vaults:1)
  8 hornets
  11 cyclopes
  4 necromancers
  26 wolf spiders
  20 ugly things
  2 hornets (shapeshifter)
  9 griffons
  A moth of wrath (Spider:2)
  A frost giant zombie (Vaults:1)
  3 shining eyes
  A frost giant skeleton (Vaults:4)
  5 black mambas
  An iron dragon skeleton (Vaults:5)
  14 vault sentinels
  A rust devil (Spider:1)
  Maurice (D:12)
  An octopode (shapeshifter) (Vaults:5)
  13 elephants
  27 spiny frogs
  A torpor snail (Spider:4)
  3 human zombies
  2 eyes of devastation (Slime:3)
  An ice statue (IceCv)
  11 freezing wraiths
  4 centaur skeletons
  7 demonic crawlers
  3 rime drakes
  A komodo dragon (shapeshifter) (Elf:3)
  A golden dragon simulacrum (IceCv)
  5 anaconda simulacra (IceCv)
  63 yaktaurs
  2 kobold demonologists
  7 ice devils (IceCv)
  A red devil (Spider:2)
  13 komodo dragons
  A yaktaur (shapeshifter) (Vaults:2)
  A yaktaur skeleton (Vaults:1)
  A jumping spider (shapeshifter) (Vaults:3)
  9 polar bears (Lair:8)
  36 jumping spiders
  A merfolk (shapeshifter) (Vaults:5)
  6 giant leeches
  12 trolls
  25 two-headed ogres
  A wind drake (shapeshifter) (Elf:3)
  A wolf spider simulacrum (IceCv)
  106 slime creatures
  A two-headed ogre (shapeshifter) (Vaults:4)
  5 boulder beetles
  26 blink frogs
  A human simulacrum (Vaults:1)
  A stone giant simulacrum (Vaults:2)
  A boulder beetle (shapeshifter) (Elf:3)
  8 bog bodies
  4 shadows
  A water elemental (Elf:1)
  2 spriggans (shapeshifter)
  15 spriggans
  A tarantella (shapeshifter) (Vaults:1)
  7 wyverns
  2 vampires (D:15)
  7 wraiths
  A redback (shapeshifter) (Vaults:5)
  3 air elementals
  25 tarantellas
  3 dire elephant simulacra (IceCv)
  95 redbacks
  2 fire bats (Volcano)
  2 basilisks
  A fire elemental (Elf:3)
  63 yaks
  A hog (Lair:8)
  14 golden eyes
  A hog (shapeshifter) (Vaults:5)
  A human (D:7)
  10 hippogriffs
  A steam dragon (D:11)
  A death yak simulacrum (IceCv)
  A hungry ghost (D:6)
  The ghost of HumanTension the Digger, an amateur DgEE (D:4)
  3 wargs
  43 vampire mosquitoes
  2 mottled dragons
  20 swamp worms
  4 harpy simulacra (IceCv)
  An iron troll simulacrum (IceCv)
  22 soldier ants
  10 insubstantial wisps
  A water moccasin (shapeshifter) (Vaults:1)
  10 water moccasins
  4 hydra simulacra (IceCv)
  7 porcupines
  4 black bears (Lair:8)
  11 ice beasts
  A hornet simulacrum (Vaults:1)
  58 ogres
  28 orc warriors
  16 swamp drakes
  5 sky beasts
  A slave (D:7)
  12 wasps
  An ettin simulacrum (IceCv)
  2 eyes of draining
  3 boggarts (Vaults:1)
  34 wolves
  2 phantoms
  22 centaurs
  2 big kobolds
  3 human skeletons
  The ghost of Weresquid the Cudgeler, an amateur TeGl (D:3)
  20 crocodiles
  18 giant frogs
  3 earth elementals
  A glowing shapeshifter simulacrum (Vaults:1)
  5 scorpions
  7 killer bees
  An elf simulacrum (Vaults:1)
  6 wights
  2 howler monkeys
  3 electric eels
  5 crimson imps
  A draconian simulacrum (IceCv)
  16 jellies
  3 lava snakes (Volcano)
  2 centaur zombies
  4 hounds
  A jelly (shapeshifter) (Vaults:5)
  18 orc priests
  3 giant frog skeletons
  16 orc wizards
  10 iguanas
  23 worker ants
  3 spriggan simulacra (IceCv)
  3 troll simulacra (IceCv)
  27 sheep
  2 centaur simulacra (IceCv)
  A hound skeleton (D:4)
  A worker ant zombie (D:6)
  10 gnolls
  A howler monkey skeleton (D:9)
  4 adders
  55 river rats
  An ogre simulacrum (IceCv)
  6 shadow imps
  10 white imps (IceCv)
  6 ufetubi (IceCv)
  An adder skeleton (D:6)
  2 worms
  3 dart slugs
  3 giant geckos
  95 orcs
  5 bats
  4 giant cockroaches
  5 goblins
  3 hobgoblins
  4 jackals
  5 quokkas
  4 ball pythons
  6 giant newts
  A jackal skeleton (D:4)
  12 kobolds
  A quokka skeleton (D:5)
  7 rats
  2 briar patches
  A butterfly (Lair:3)
  4 crawling corpses
  A fungus (Lair:1)
2196 creatures vanquished.

Vanquished Creatures (collateral kills)
  Arachne (Spider:3)
  A thorn hunter (Swamp:2)
  A yaktaur captain (Vaults:5)
  A hydra (Lair:2)
  A deep troll (Vaults:5)
  A deep elf archer (Elf:1)
  An ironbrand convoker (Vaults:5)
  3 deep elf magi (Elf:1)
  A griffon (Lair:5)
  A hornet (Swamp:3)
  2 ugly things (D:14)
  An octopode (shapeshifter) (Vaults:3)
  A black mamba (Lair:3)
  2 yaktaurs (Vaults:5)
  2 demonic crawlers (Spider:3)
  A blink frog (Lair:5)
  A soldier ant (Lair:1)
  A swamp drake (Swamp:4)
  2 orc warriors (Vaults:3)
  A wasp (Swamp:4)
  A worker ant (Lair:1)
  A river rat (Lair:5)
  3 orcs
31 creatures vanquished.

Vanquished Creatures (others)
  A deep elf elementalist (Elf:3)
  2 unseen horrors
  A vampire mosquito (Swamp:2)
  3 insubstantial wisps (Swamp:3)
  2 slaves (D:7)
  2 humans
  2 crocodiles (Lair:8)
  A crimson imp (D:7)
  2 briar patches (Swamp:3)
  A bush (Lair:5)
  10 fungi
  13 plants
40 creatures vanquished.

Grand Total: 2267 creatures vanquished

Notes
Turn   | Place    | Note
--------------------------------------------------------------
     0 | D:1      | SwiftlyTiltingPlanet the Ogre Berserker began the quest for the Orb.
     0 | D:1      | Reached XP level 1. HP: 24/24 MP: 1/1
   230 | D:1      | Reached XP level 2. HP: 32/32 MP: 2/2
   717 | D:2      | Reached skill level 5 in Maces & Flails
   808 | D:2      | Reached ** piety under Trog
   809 | D:2      | Found a blossoming altar of Fedhas.
   828 | D:2      | Reached XP level 3. HP: 39/39 MP: 3/3
   978 | D:2      | Reached XP level 4. HP: 30/49 MP: 4/4
  1326 | D:2      | Reached skill level 6 in Maces & Flails
  1735 | D:3      | Reached skill level 5 in Fighting
  1738 | D:3      | Reached XP level 5. HP: 57/57 MP: 5/5
  1796 | D:3      | Noticed Weresquid's ghost (amateur TeGl)
  1830 | D:3      | Killed Weresquid's ghost
  1830 | D:3      | Reached skill level 7 in Maces & Flails
  2154 | D:3      | Reached XP level 6. HP: 62/67 MP: 6/6
  2798 | D:3      | HP: 3/67 [poisoned by a worker ant]
  2803 | D:3      | HP: 3/67 [poisoned by a worker ant]
  2811 | D:3      | HP: 3/67 [poisoned by a worker ant]
  2835 | D:3      | Reached skill level 8 in Maces & Flails
  3316 | D:4      | Noticed HumanTension's ghost (amateur DgEE)
  3383 | D:4      | Killed HumanTension's ghost
  3392 | D:4      | Reached XP level 7. HP: 39/76 MP: 7/7
  3437 | D:4      | Reached *** piety under Trog
  3437 | D:4      | Reached skill level 9 in Maces & Flails
  4049 | D:4      | Found Lone's Gadget Boutique.
  4075 | D:4      | Found a staircase to the Ecumenical Temple.
  4149 | D:4      | Reached skill level 10 in Maces & Flails
  4305 | D:5      | Entered Level 5 of the Dungeon
  4390 | D:5      | Found Zetsu's Assorted Antiques.
  4393 | D:5      | Bought a scroll labeled EHEDICEHIACW for 29 gold pieces
  4393 | D:5      | Bought 2 scrolls labeled FOULLO QULALU for 58 gold pieces
  4393 | D:5      | Bought a scroll labeled FOULLO QULALU for 29 gold pieces
  4393 | D:5      | Bought a scroll labeled UMNIHU ITHE for 29 gold pieces
  4557 | D:5      | Found a sparkling altar of Nemelex Xobeh.
  4857 | D:5      | Found an ancient bone altar of Kikubaaqudgha.
  4858 | D:5      | Noticed a human
  4860 | D:5      | Killed a human
  5130 | D:6      | Reached XP level 8. HP: 80/87 MP: 8/8
  5403 | D:6      | Reached skill level 11 in Maces & Flails
  6305 | D:6      | Reached **** piety under Trog
  6454 | D:6      | Found a deep blue altar of Sif Muna.
  6526 | D:6      | Found an oddly glowing altar of Pakellas.
  6674 | D:7      | Received a gift from Trog
  6689 | D:7      | Reached skill level 12 in Maces & Flails
  6896 | D:7      | Noticed Pikel
  6908 | D:7      | Killed Pikel
  6908 | D:7      | Reached XP level 9. HP: 100/100 MP: 9/9
  7014 | D:6      | Reached skill level 13 in Maces & Flails
  7585 | D:7      | Found a sparkling altar of Nemelex Xobeh.
  7709 | D:7      | Reached skill level 10 in Fighting
  8381 | D:8      | Reached skill level 14 in Maces & Flails
  8557 | D:8      | Found an iron altar of Okawaru.
  8578 | D:8      | Found a staircase to the Lair.
  8579 | D:8      | Noticed a komodo dragon
  8609 | D:8      | Killed a komodo dragon
  8609 | D:8      | Reached XP level 10. HP: 110/113 MP: 10/10
  8841 | Lair:1   | Entered Level 1 of the Lair of Beasts
  8935 | Lair:1   | Reached skill level 15 in Maces & Flails
  9283 | Lair:1   | Noticed a five-headed hydra
  9292 | Lair:1   | Killed a five-headed hydra
  9373 | Lair:1   | Reached skill level 16 in Maces & Flails
  9925 | Lair:1   | Noticed a spiny frog
  9927 | Lair:1   | Killed a spiny frog
 10284 | Lair:1   | Reached XP level 11. HP: 102/124 MP: 11/11
 10299 | Lair:1   | Reached skill level 17 in Maces & Flails
 11099 | Lair:1   | Noticed a queen ant
 11110 | Lair:1   | Killed a queen ant
 11157 | Lair:1   | Reached ***** piety under Trog
 11157 | Lair:1   | Received a gift from Trog
 11668 | Lair:1   | Reached skill level 18 in Maces & Flails
 11677 | Lair:1   | Reached skill level 1 in Throwing
 12869 | Lair:2   | Reached XP level 12. HP: 137/137 MP: 12/12
 12989 | Lair:2   | Noticed a seven-headed hydra
 12999 | Lair:2   | Killed a seven-headed hydra
 14067 | Lair:2   | Reached skill level 19 in Maces & Flails
 15897 | Lair:3   | Found a staircase to the Swamp.
 15958 | Lair:3   | Received a gift from Trog
 15962 | Lair:3   | Reached skill level 5 in Throwing
 16291 | Lair:3   | Got a vibrating golden ring
 16292 | Lair:3   | Identified the ring "Wyihuegh" {*Tele rPois rF+ rC- Stlth+} (You found it on level 3 of the Lair of Beasts)
 17493 | Lair:3   | Noticed Harold
 17612 | Lair:3   | Killed Harold
 17809 | Lair:3   | Reached skill level 20 in Maces & Flails
 17826 | Lair:3   | Reached skill level 15 in Fighting
 18118 | Lair:3   | Reached XP level 13. HP: 129/149 MP: 13/13
 18783 | Lair:4   | Reached skill level 1 in Armour
 21368 | Lair:5   | Received a gift from Trog
 22676 | D:9      | Found a staircase to the Orcish Mines.
 22846 | D:10     | Entered Level 10 of the Dungeon
 22847 | D:10     | Gained mutation: You evolve. [potion of mutation]
 22847 | D:10     | Gained mutation: Your system is resistant to poisons. [potion of mutation]
 22847 | D:10     | Gained mutation: You have a pair of small horns on your head. [potion of mutation]
 22851 | D:10     | Noticed urga's ghost (novice DrMo)
 22865 | D:10     | Killed urga's ghost
 22865 | D:10     | Reached skill level 21 in Maces & Flails
 23380 | D:10     | Received a gift from Trog
 23621 | D:10     | Lost mutation: Your system is resistant to poisons. [evolution]
 23913 | D:11     | Noticed Nergalle
 23957 | D:11     | Killed Nergalle
 24994 | D:11     | Reached XP level 14. HP: 139/159 MP: 14/14
 25289 | D:12     | Found a stormy altar of Qazlal.
 25608 | D:12     | Noticed Maurice
 25620 | D:12     | Killed Maurice
 25646 | D:12     | Found a portal to a secret trove of treasure.
 26135 | D:12     | Reached skill level 5 in Dodging
 26909 | D:13     | Received a gift from Trog
 27774 | D:13     | Found a gate to the Vaults.
 27980 | D:13     | Gained mutation: Your system is resistant to poisons. [evolution]
 28284 | D:13     | Found a glowing golden altar of the Shining One.
 29312 | D:14     | Reached ****** piety under Trog
 29312 | D:14     | Received a gift from Trog
 29372 | D:14     | Reached skill level 22 in Maces & Flails
 29755 | D:15     | Entered Level 15 of the Dungeon
 29964 | D:15     | Identified a scroll of acquirement
 29967 | D:15     | Got a slimy storm dragon armour
 29978 | D:15     | Identified the +7 storm dragon armour of the Equator {rElec MP+9 Int+3} (You acquired it on level 15 of the Dungeon)
 30063 | D:15     | Noticed Josephine
 30075 | D:15     | Killed Josephine
 30173 | D:15     | Lost mutation: You evolve. [evolution]
 30192 | D:15     | Found a staircase to the Depths.
 30565 | D:15     | Noticed Rupert
 30572 | D:15     | Killed Rupert
 30572 | D:15     | Received a gift from Trog
 30614 | D:15     | Reached skill level 5 in Armour
 30614 | D:15     | Reached XP level 15. HP: 104/171 MP: 15/15
 31035 | D:15     | Found a glowing golden altar of the Shining One.
 31384 | Orc:1    | Entered Level 1 of the Orcish Mines
 31388 | Orc:1    | Found Fufid's Antique Weapon Shop.
 31399 | Orc:1    | Bought a polished dire flail for 288 gold pieces
 31399 | Orc:1    | Identified the +6 dire flail "Ruwull" {holy, Int+2} (You bought it in a shop on level 1 of the Orcish Mines)
 31517 | Orc:1    | Found a shimmering altar of Xom.
 31567 | Orc:1    | Found a dark tunnel.
 31572 | Volcano  | Entered a volcano
 31692 | Volcano  | Found a burning altar of Makhleb.
 31692 | Volcano  | Noticed Urug
 31698 | Volcano  | Killed Urug
 31897 | Orc:1    | Found a roughly hewn altar of Beogh.
 32226 | Orc:2    | Entered Level 2 of the Orcish Mines
 32227 | Orc:2    | Found Tihouz's Food Emporium.
 32440 | Orc:2    | Found Hautikodgh's Antique Armour Shoppe.
 32461 | Orc:2    | Received a gift from Trog
 32777 | Orc:2    | Received a gift from Trog
 32819 | Orc:2    | Found Deosm's Armour Shop.
 32836 | Orc:2    | Found Zymmouce's Weapon Shoppe.
 33222 | Orc:2    | Received a gift from Trog
 33390 | Orc:2    | Found a staircase to the Elven Halls.
 33790 | Swamp:1  | Entered Level 1 of the Swamp
 34041 | Swamp:1  | Noticed a thorn hunter
 34046 | Swamp:1  | Received a gift from Trog
 34057 | Swamp:1  | Killed a thorn hunter
 34623 | Swamp:1  | Reached skill level 23 in Maces & Flails
 35434 | Swamp:1  | Reached skill level 10 in Throwing
 35825 | Swamp:2  | Reached XP level 16. HP: 183/183 MP: 16/16
 37097 | Swamp:3  | Received a gift from Trog
 37574 | Swamp:3  | Noticed a thorn hunter
 37595 | Swamp:3  | Killed a thorn hunter
 37719 | Swamp:2  | Noticed a thorn hunter
 37729 | Swamp:2  | Killed a thorn hunter
 37925 | Swamp:2  | Received a gift from Trog
 38593 | Swamp:3  | Gained mutation: You are agile. (Dex +2) [potion of beneficial mutation]
 38600 | Swamp:3  | Received a gift from Trog
 38979 | Swamp:4  | Entered Level 4 of the Swamp
 39176 | Swamp:4  | Received a gift from Trog
 39635 | Swamp:4  | Noticed a thorn hunter
 39644 | Swamp:4  | Killed a thorn hunter
 39645 | Swamp:4  | Reached skill level 24 in Maces & Flails
 39679 | Swamp:4  | Noticed a thorn hunter
 39691 | Swamp:4  | Killed a thorn hunter
 39900 | Swamp:4  | Noticed a thorn hunter
 39904 | Swamp:4  | Killed a thorn hunter
 40119 | Swamp:4  | Got a decaying rune of Zot
 40304 | Swamp:1  | Reached XP level 17. HP: 181/193 MP: 17/17
 40587 | Lair:5   | Found a hole to the Spider Nest.
 40651 | Lair:5   | Received a gift from Trog
 40655 | Lair:5   | Got an ancient giant spiked club {god gift}
 40656 | Lair:5   | Identified the +6 giant spiked club "Xudwapt" {antimagic, MP-9 Dex+4} (Trog gifted it to you on level 5 of the Lair of Beasts)
 41342 | Lair:6   | Identified the Incunabulum of the Excruciating Glacier
 41772 | Lair:7   | Received a gift from Trog
 42329 | Lair:8   | Entered Level 8 of the Lair of Beasts
 42470 | Lair:8   | Received a gift from Trog
 42727 | Lair:8   | Received a gift from Trog
 42799 | Lair:8   | Noticed Kirke
 42810 | Lair:8   | Killed Kirke
 43197 | Lair:8   | Noticed an acid blob
 43202 | Lair:8   | Killed an acid blob
 43639 | Lair:8   | Found a staircase to the Slime Pits.
 44159 | Spider:1 | Entered Level 1 of the Spider Nest
 44166 | Spider:1 | Received a gift from Trog
 44171 | Spider:1 | Reached skill level 25 in Maces & Flails
 44630 | Spider:2 | Reached XP level 18. HP: 184/205 MP: 6/18
 45240 | Spider:1 | Received a gift from Trog
 45436 | Spider:1 | Reached skill level 10 in Dodging
 46140 | Spider:2 | Received a gift from Trog
 47010 | Spider:3 | Gained mutation: You are partially covered in rough black scales (AC +4, Dex -1). [potion of beneficial mutation]
 47074 | Spider:3 | Received a gift from Trog
 47320 | Spider:3 | Noticed Arachne
 47330 | Spider:3 | Killed Arachne
 47517 | Spider:3 | Noticed Mara
 47518 | Spider:3 | Noticed SwiftlyTiltingPlanet's illusion
 47531 | Spider:3 | Killed Mara
 47810 | Spider:4 | Entered Level 4 of the Spider Nest
 48415 | Spider:4 | Received a gift from Trog
 48765 | Spider:4 | Reached skill level 26 in Maces & Flails
 49168 | Spider:4 | Reached XP level 19. HP: 188/215 MP: 0/19
 49419 | Spider:4 | Received a gift from Trog
 49826 | Spider:4 | Got a gossamer rune of Zot
 50211 | Vaults:1 | Entered Level 1 of the Vaults
 50241 | Vaults:1 | Received a gift from Trog
 50258 | Vaults:1 | Received a gift from Trog
 50623 | Vaults:1 | You fall through a shaft!
 50694 | Vaults:2 | Reached skill level 10 in Armour
 50854 | Vaults:2 | Paralysed by a great orb of eyes for 6 turns
 50863 | Vaults:2 | Received a gift from Trog
 51297 | Vaults:2 | Received a gift from Trog
 51447 | Vaults:2 | Received a gift from Trog
 52376 | Vaults:1 | Noticed a golden dragon
 52420 | Vaults:1 | Reached XP level 20. HP: 137/228 MP: 6/20
 52429 | Vaults:1 | Killed a golden dragon
 52429 | Vaults:1 | Reached skill level 27 in Maces & Flails
 52458 | Vaults:1 | Received a gift from Trog
 52851 | Vaults:1 | Received a gift from Trog
 52960 | Vaults:1 | Received a gift from Trog
 53148 | Vaults:1 | Received a gift from Trog
 53158 | Vaults:1 | Got a crystal giant club {god gift}
 53159 | Vaults:1 | Identified the +2 giant club of Olikit {flame, rPois Str-5 Int+6} (Trog gifted it to you on level 1 of the Vaults)
 53904 | Vaults:1 | Received a gift from Trog
 54599 | Vaults:3 | Received a gift from Trog
 54838 | Vaults:3 | Found Namom's General Store.
 54849 | Vaults:3 | Bought a +2 hat of spirit shield for 306 gold pieces
 54849 | Vaults:3 | Bought a potion of heal wounds for 85 gold pieces
 55172 | Vaults:3 | Reached XP level 21. HP: 240/240 MP: 7/21
 55179 | Vaults:3 | Received a gift from Trog
 55325 | Vaults:3 | Found a staircase to the Crypt.
 56611 | Vaults:4 | Received a gift from Trog
 57025 | Vaults:4 | Received a gift from Trog
 57042 | Vaults:4 | Got a crude giant club {god gift}
 57044 | Vaults:4 | Identified the +7 giant club of Evaijioxt {flame, rC+} (Trog gifted it to you on level 4 of the Vaults)
 57318 | Vaults:4 | Reached skill level 15 in Throwing
 57829 | Vaults:4 | Received a gift from Trog
 58611 | Elf:1    | Entered Level 1 of the Elven Halls
 58628 | Elf:1    | Found a radiant altar of Vehumet.
 58657 | Elf:1    | Found a frozen archway.
 58724 | IceCv    | Entered an ice cave
 58964 | IceCv    | Received a gift from Trog
 59590 | IceCv    | Got a slimy steel ring
 59647 | Elf:1    | Identified the ring "Raavoez" {Fragile rC+ rN+ Int+3} (You found it in an ice cave)
 59678 | Elf:1    | Found Ijodamoi's Jewellery Shop.
 59855 | Elf:1    | Received a gift from Trog
 60068 | Elf:1    | Reached XP level 22. HP: 231/254 MP: 22/22
 60447 | Elf:2    | Paralysed by an orc sorcerer for 6 turns
 60537 | Elf:2    | Received a gift from Trog
 60654 | Elf:2    | Found Heatag's Assorted Antiques.
 60658 | Elf:2    | Received a gift from Trog
 60690 | Elf:2    | Bought a scroll of blinking for 315 gold pieces
 60690 | Elf:2    | Bought a scroll of blinking for 315 gold pieces
 60760 | Elf:2    | Found a runed gate.
 60760 | Elf:2    | Found a runed gate.
 60760 | Elf:2    | Found a runed gate.
 60793 | Elf:2    | Noticed seyes's ghost (adept DsAs)
 60831 | Elf:2    | Killed seyes's ghost
 61338 | Elf:2    | Received a gift from Trog
 61352 | Elf:2    | Got an ichor-stained giant club {god gift}
 61354 | Elf:2    | Identified the +9 giant club of a sewer {holy, rF+ Dex+5} (Trog gifted it to you on level 2 of the Elven Halls)
 61926 | Elf:3    | Entered Level 3 of the Elven Halls
 62320 | Elf:3    | Received a gift from Trog
 62836 | Elf:3    | Got a wavering copper amulet
 62909 | Elf:3    | Got a bound lead ring
 62910 | Elf:3    | Received a gift from Trog
 62915 | Elf:3    | Identified the amulet "Oru Rydo" {Reflect rPois Str+4 Dex+3 SH+5} (You took it off a deep elf mage on level 3 of the Elven Halls)
 62916 | Elf:3    | Identified the cursed ring "Ogomemm" {+Inv Int-3} (You took it off a deep elf demonologist on level 3 of the Elven Halls)
 63221 | Elf:3    | Noticed Nikola
 63226 | Elf:3    | Killed Nikola
 63931 | Vaults:5 | Entered Level 5 of the Vaults
 63940 | Vaults:4 | Reached XP level 23. HP: 251/266 MP: 23/23
 64084 | Vaults:4 | Received a gift from Trog
 65516 | Vaults:5 | Received a gift from Trog
 65532 | Vaults:5 | Reached skill level 15 in Dodging
 65819 | Vaults:5 | Noticed a juggernaut
 65819 | Vaults:5 | a hellephant changed into a juggernaut
 65820 | Vaults:5 | a juggernaut changed into an iron dragon
 65993 | Vaults:5 | Noticed a golden dragon
 65999 | Vaults:5 | Killed a golden dragon
 66112 | Vaults:5 | Got a shimmering golden ring
 66201 | Vaults:5 | Identified the ring "Laimo" {*Tele rF- rC++ Str+3 Slay+2} (You took it off a deep elf high priest on level 5 of the Vaults)
 66207 | Vaults:5 | Received a gift from Trog
 66456 | Vaults:5 | Received a gift from Trog
 66473 | Vaults:5 | Reached XP level 24. HP: 117/279 MP: 17/23
 66489 | Vaults:5 | HP: 2/279 [yaktaur captain/bolt (30)]
 66932 | Vaults:5 | Received a gift from Trog
 66976 | Vaults:5 | Got a slimy tin ring
 67044 | Vaults:5 | Identified the ring "Zaown" {SustAt rN++ Dex-5} (You took it off an ironbrand convoker on level 5 of the Vaults)
 67156 | Vaults:5 | Got a silver rune of Zot
 67309 | Vaults:5 | Paralysed by a sphinx for 7 turns
 67656 | Vaults:5 | Received a gift from Trog
 68062 | Vaults:5 | Received a gift from Trog
 68068 | Vaults:5 | Got an encrusted giant spiked club {god gift}
 68069 | Vaults:5 | Identified the +7 giant spiked club of the Bear {holy, Int+3} (Trog gifted it to you on level 5 of the Vaults)
 68582 | D:4      | Bought a wand of heal wounds (5/9) for 540 gold pieces
 68930 | Vaults:4 | Got a warped giant spiked club {god gift}
 68931 | Vaults:4 | Identified the +6 giant spiked club "Viohid" {crush, rElec rPois Int+7 SInv} (Trog gifted it to you on level 4 of the Vaults)
 69359 | Slime:1  | Entered Level 1 of the Pits of Slime
 69999 | Slime:4  | Noticed Dissolution
 70006 | Slime:4  | Killed Dissolution
 70013 | Slime:4  | Gained mutation: You tend to lose your temper in combat. [a shining eye]
 70039 | Slime:3  | Lost mutation: You are agile. (Dex +2) [a shining eye]
 70226 | Slime:3  | Gained mutation: Scrolls take you a little longer to read. [a shining eye]
 70371 | Slime:4  | Gained mutation: You are clumsy. (Dex -2) [a shining eye]
 70459 | Slime:4  | Received a gift from Trog
 70913 | Slime:5  | Reached XP level 25. HP: 292/292 MP: 23/23
 70932 | Slime:6  | Entered Level 6 of the Pits of Slime
 71461 | Slime:6  | Noticed the Royal Jelly
 71595 | Slime:5  | Lost mutation: You are clumsy. (Dex -2) [potion of cure mutation]
 71595 | Slime:5  | Lost mutation: Scrolls take you a little longer to read. [potion of cure mutation]
 71595 | Slime:5  | Lost mutation: You tend to lose your temper in combat. [potion of cure mutation]
 71595 | Slime:5  | Lost mutation: You have a pair of small horns on your head. [potion of cure mutation]
 71595 | Slime:5  | Lost mutation: Your system is resistant to poisons. [potion of cure mutation]
 71595 | Slime:5  | Lost mutation: You are partially covered in rough black scales (AC +4, Dex -1). [potion of cure mutation]
 71595 | Slime:5  | HP: 12/291 [azure jelly[the Royal Jelly] (9)]
 71595 | Slime:5  | HP: 4/291 [azure jelly[the Royal Jelly] (7)]
 71595 | Slime:5  | Mangled by an azure jelly

Skill      XL: |  1  2  3  4  5  6  7  8  9 10 11 12 13 14 15 16 17 18 19 20 21 22 23 24 |
---------------+-------------------------------------------------------------------------+-----
Maces & Flails | 5 6 7 8 10 12 14 16 18 20 21 22 23 24 25 26 27 | 27.0
Fighting       | 5 6 7 9 11 12 13 15 16 17 18 19 20 21 22 23 24 | 24.6
Throwing       | 2 5 7 8 10 11 12 13 14 15 16 17 18 | 18.5
Armour         | 3 5 6 7 8 9 10 11 12 13 14 | 14.9
Dodging        | 4 6 7 8 9 10 11 12 13 14 15 16 | 16.3

Action                   |  1- 3 |  4- 6 |  7- 9 | 10-12 | 13-15 | 16-18 | 19-21 | 22-24 | 25-27 || total
-------------------------+-------+-------+-------+-------+-------+-------+-------+-------+-------++-------
Melee: Mace              |    70 |    39 |       |       |       |       |       |       |       ||   109
       Flail             |       |   113 |    56 |       |       |       |       |       |       ||   169
       Giant club        |       |       |   275 |   449 |   594 |       |   349 |  1107 |    58 ||  2832
       Headbutt          |       |       |       |       |   237 |   353 |   432 |   331 |    17 ||  1370
       Giant spiked club |       |       |       |       |   514 |  1257 |  1025 |       |       ||  2796
Throw: Throwing net      |       |       |       |     1 |       |     2 |       |       |       ||     3
       Large rock        |       |       |       |     2 |    20 |    30 |     6 |    89 |       ||   147
       Javelin           |       |       |       |       |       |       |       |     2 |     1 ||     3
Invok: Berserk           |       |     4 |     8 |     9 |     8 |     2 |     1 |     2 |       ||    34
       Burn Spellbooks   |       |       |     1 |     2 |     2 |     3 |     4 |     4 |       ||    16
       Trog's Hand       |       |       |     2 |     2 |     1 |       |     3 |     7 |     1 ||    16
       Brothers in Arms  |       |       |       |     3 |     3 |     5 |     2 |     4 |       ||    17
Evoke: Wand              |       |       |     2 |     3 |     6 |       |       |       |     2 ||    13
  Use: Scroll            |       |       |    18 |     3 |    15 |     5 |     8 |    21 |       ||    70
       Potion            |       |       |     7 |     1 |     6 |     2 |       |     6 |     2 ||    24
 Stab: Sleeping          |     1 |       |       |     1 |     2 |       |       |       |       ||     4
       Distracted        |       |       |       |     1 |     3 |       |       |     1 |       ||     5
  Eat: Chunk             |       |    10 |    25 |    29 |    59 |    35 |    31 |    21 |       ||   210
       Fruit             |       |       |     2 |     2 |     2 |       |     2 |     6 |     4 ||    18
       Pizza             |       |       |     1 |     4 |     1 |     6 |     1 |       |       ||    13
       Royal jelly       |       |       |       |     1 |     2 |     1 |     2 |     1 |       ||     7
       Bread ration      |       |       |       |       |       |       |       |     1 |       ||     1
       Meat ration       |       |       |       |       |       |       |       |     1 |       ||     1
       Beef jerky        |       |       |       |       |       |       |       |     1 |       ||     1
Armor: Animal skin       |    17 |    36 |    86 |    51 |    95 |       |       |       |       ||   285
       Storm dragon armo |       |       |       |       |   275 |   724 |   745 |   623 |       ||  2367
       Gold dragon armou |       |       |       |       |       |       |       |   108 |    63 ||   171
Dodge: Dodged            |    50 |    60 |   190 |   179 |   490 |   837 |   801 |   705 |    44 ||  3356
Block: Other             |       |       |       |       |       |       |       |    21 |    12 ||    33
